 Dungeon Crawl Stone Soup version bcrawl-1.23 (webtiles) character file.

Game seed: 16926507262124707939

131729 Morbidden the Warrior (level 16, -2/152 HPs)
             Began as a Black Draconian Monk on May 30, 2020.
             Was the Champion of Cheibriados.
             Shot with an arrow by a naga sharpshooter (20 damage)
             ... on level 2 of the Snake Pit on June 1, 2020.
             The game lasted 01:21:06 (32365 turns).

Morbidden the Warrior (Black Draconian Monk)       Turns: 32365, Time: 01:21:07

Health: -2/152     AC: 21    Str: 34    XL:     16   Next: 55%
Magic:  0/31       EV: 27    Int: 26    God:    Cheibriados [******]
Gold:   1813       SH:  0    Dex: 30    Spells: 22/37 levels left

rFire    . . .     SeeInvis +   a - +1 short sword (elec)
rCold    . . .     Gourm    .   (no shield)
rNeg     . . .     Faith    .   (armour unavailable)
rPois    .         Spirit   +   w - +2 hat {SInv}
rElec    +         Reflect  .   K - +0 cloak
rCorr    .         Harm     .   M - +1 pair of gloves
MR       +....                  T - +2 pair of boots
Stlth    ++++......             s - amulet of guardian spirit
HPRegen  0.35/turn              O - +4 ring of protection
MPRegen  0.22/turn              D - ring of wizardry

@: flying, very slow
A: breathe lightning, unfitting armour, big wings, electricity resistance,
cold-blooded, AC +9
a: Breathe Lightning, Stop Flying, Bend Time, Temporal Distortion, Slouch, Step
From Time, Renounce Religion


You were on level 2 of the Snake Pit.
You worshipped Cheibriados.
Cheibriados was exalted by your worship.
You were near starving.

You visited 5 branches of the dungeon, and saw 22 of its levels.
You also visited: Ice Cave.

You collected 2249 gold pieces.
You spent 436 gold pieces at shops.

Inventory:

Hand Weapons
 a - a +1 short sword of electrocution (weapon)
 b - a +7 blowgun
 J - a +2 dagger of electrocution
Missiles
 p - 229 tomahawks (quivered)
 q - 6 throwing nets {!f}
 C - 170 javelins
 Q - 27 curare-tipped needles
Armour
 w - a +2 hat of see invisible (worn)
 K - a +0 cloak (worn)
 M - a +1 pair of gloves (worn)
 T - a +2 pair of boots (worn)
Jewellery
 s - an amulet of guardian spirit (around neck)
 B - an uncursed ring of protection from cold
 D - a ring of wizardry (right hand)
 G - the ring "Uzil" {*Slow +Fly rElec rC- Int+8}
   (You took it off an orc wizard on level 9 of the Dungeon)

   [ring of flight]

   It affects your intelligence (+8).
   It makes you vulnerable to cold.
   It insulates you from electricity.
   It lets you fly.
   It may slow you when you take damage.
 O - a +4 ring of protection (left hand)
 W - a +2 ring of evasion
Wands
 n - a wand of flame (23)
 r - a wand of polymorph (19)
 y - a wand of disintegration (38)
 A - a wand of digging (13)
 E - a wand of acid (5)
 N - a wand of paralysis (8)
 S - a wand of iceblast (8)
 V - a wand of clouds (4)
Scrolls
 c - 16 scrolls of remove curse
 d - 5 scrolls of identify
 f - 8 scrolls of teleportation
 g - 2 scrolls of fear
 j - 5 scrolls of enchant armour
 l - 4 scrolls of blinking
 t - a scroll of noise
 x - 4 scrolls of enchant weapon
 F - 3 scrolls of amnesia
 I - a scroll of magic mapping
 P - 3 scrolls of immolation
 R - 3 scrolls of silence
 X - a scroll of vulnerability
Potions
 h - 3 potions of cancellation
 i - 5 potions of curing
 m - 6 potions of mutation
 o - a potion of flight
 u - 3 potions of brilliance
 v - a potion of might
 z - 4 potions of lignification
 H - 4 potions of resistance
 L - 2 potions of ambrosia
 Y - 2 potions of agility
 Z - a potion of invisibility {unknown}
Miscellaneous
 U - a phial of floods (inert)
Comestibles
 e - 29 rations {!d}


   Skills:
 * Level 16.4 Fighting
 + Level 10.7 Short Blades
 + Level 5.7 Throwing
 * Level 12.9 Dodging
 + Level 6.6 Stealth
 + Level 4.0 Unarmed Combat
 * Level 11.0 Spellcasting
 + Level 1.7 Summonings
 * Level 10.4 Air Magic
 + Level 7.1 Poison Magic
 + Level 10.1 Invocations
 + Level 1.8 Evocations


You had 22 spell levels left.
You knew the following spells:

 Your Spells              Type           Power        Failure   Level  Hunger
a - Olgreb's Toxic Radia  Pois           ######...    1%          4    None
b - Summon Scorpions      Summ/Pois      #####...     2%          4    None
c - Airstrike             Air            ######....   1%          4    None
z - Static Discharge      Air            ######..     1%          3    None

Your spell library contained the following spells:

 Spells                   Type           Power        Failure   Level  Hunger
 Corona                   Hex            ##.....      1%          1    None
 Freeze                   Ice            ##....       1%          1    None
 Shock                    Conj/Air       #####        1%          1    None
 Sting                    Conj/Pois      ####         1%          1    None
 Poisonous Vapours        Pois/Air       ######       1%          2    None
 Swiftness                Chrm/Air       #####...     1%          2    None
 Throw Frost              Conj/Ice       ##....       1%          2    None
 Ignite Poison            Fire/Tmut/Pois ####....     1%          3    None
 Ensorcelled Hibernation  Hex/Ice        ##....       2%          2    None
 Confuse                  Hex            ##......     4%          3    None
 Dazzling Spray           Conj/Hex       ##....       4%          3    None
 Ozocubu's Armour         Chrm/Ice       ##......     4%          3    None
 Tukima's Dance           Hex            ##......     4%          3    None
 Lightning Bolt           Conj/Air       #####.....   6%          5    ###....
 Venom Bolt               Conj/Pois      ####......   11%         5    ###....
 Summon Ice Beast         Ice/Summ       ###.....     12%         4    None
 Throw Icicle             Conj/Ice       ##......     16%         4    None


Dungeon Overview and Level Annotations

Branches:
Dungeon (12/12)            Temple (1/1) D:4            Lair (6/6) D:7
  Swamp (0/3) Lair:2        Snake (2/3) Lair:3        Slime (0/5) Lair:5
    Orc (1/1) D:8             Elf (0/3) Orc          Vaults (0/3) D:11
 Depths (0/5) D:12

Altars:
Ashenzari
Cheibriados
Dithmenos
Elyvilon
Fedhas
Gozag
Hepliaklqana
Kikubaaqudgha
Lugonu
Makhleb
Nemelex Xobeh
Okawaru
Qazlal
Ru
Trog
Uskayaw
Vehumet
Wu Jian
Xom
Zin
The Shining One
Jiyva

Shops:
D:4 *   D:5 (%!   D:12 }   Orc ?:[?*

Annotations:
D:3 1 runed translucent door, Morbidden's ghost, amateur DrTm


Innate Abilities, Weirdness & Mutations

You can breathe wild blasts of lightning.
Your glossy black scales are hard. (AC +9)
You cannot fit into any form of body armour.
Your large and strong wings let you fly indefinitely.
You are resistant to electric shocks. (rElec)
You are cold-blooded and may be slowed by cold attacks.


Message History

The naga sharpshooter casts a spell.
The naga sharpshooter magically shoots an arrow.
The arrow hits you!
* * * LOW HITPOINT WARNING * * *
The naga sharpshooter shoots an arrow.
The arrow completely misses you.
No path to travel!
The naga sharpshooter casts a spell.
The naga sharpshooter magically shoots an arrow.
The arrow hits you.
* * * LOW HITPOINT WARNING * * *
The naga sharpshooter gestures wildly while chanting.
The naga sharpshooter magically shoots an arrow.
The arrow hits you.
* * * LOW HITPOINT WARNING * * *
The naga sharpshooter shoots an arrow.
The arrow closely misses you.
The naga sharpshooter shoots an arrow.
The arrow hits you!
* * * LOW HITPOINT WARNING * * *
Something unseen opens the door.
The naga sharpshooter shoots an arrow.
The arrow hits you!!
You die...

#.......# #...N...#
#.......# #.......#
#.......#
#.......####+###
#...(...##.....#
#.......##.....#
'.......@'.....#
#.....).##.....#
#.......##.....#
#.......##.....#
##################.....#
........##########.....#
......)..........'.....#
................##.....#
................##.....##


You could see a naga sharpshooter.

Vanquished Creatures
  Gastronok (Lair:2)
  A frost giant (IceCv)
  A dire elephant (D:12)
  An ettin (Orc)
  5 ogre magi
  9 hydras
  Harold (D:8)
  3 naga warriors (Snake:2)
  4 centaur warriors
  2 catoblepae
  An ice dragon (Lair:6)
  6 anacondas
  An alligator (Lair:3)
  A tengu warrior (D:12)
  A deep troll shaman (Lair:6)
  14 two-headed ogres
  9 death yaks
  2 naga sharpshooters (Snake:2)
  2 shock serpents (Snake:2)
  Sonja (Lair:6)
  2 naga ritualists (Snake:2)
  A lindwurm (Lair:6)
  4 cyclopes
  A wolf spider zombie (D:11)
  6 mana vipers (Snake:2)
  An orc knight (Orc)
  A deep elf mage (D:11)
  2 salamanders
  4 ugly things
  A guardian serpent (Snake:2)
  3 elephants (Lair:6)
  2 manticores
  13 black mambas
  An ice statue (IceCv)
  4 naga magi
  5 gargoyles (D:12)
  A torpor snail (Lair:5)
  An eye of devastation (shapeshifter) (D:11)
  12 cane toads
  8 komodo dragons
  6 rime drakes
  A freezing wraith (D:12)
  18 polar bears
  A queen bee (D:12)
  A harpy zombie (D:11)
  A hornet (D:11)
  3 trolls
  A hornet (shapeshifter) (D:12)
  A merfolk (D:9)
  A queen bee (shapeshifter) (D:11)
  20 blink frogs
  10 slime creatures
  14 hippogriffs
  A shadow (D:12)
  A redback (shapeshifter) (D:11)
  4 wyverns
  A vampire (D:11)
  Eustachio (D:6)
  A human (shapeshifter) (D:11)
  4 vampire mosquitoes (D:10)
  50 yaks
  3 basilisks
  2 hogs (D:9)
  A steam dragon (D:9)
  2 hungry ghosts
  A swamp worm (Lair:2)
  3 wargs (Orc)
  9 crocodiles
  An acid dragon (D:11)
  12 nagas
  10 water moccasins
  Duvessa (D:5)
  10 porcupines
  12 black bears
  15 orc warriors
  6 sky beasts
  4 ice beasts
  2 phantoms
  A necrophage (D:10)
  29 ogres
  23 wolves
  18 centaurs
  18 bullfrogs
  Blork the orc (D:6)
  6 big kobolds
  2 gnoll sergeants (D:9)
  2 wyvern zombies
  Dowan (D:5)
  2 scorpions
  19 killer bees
  9 electric eels (D:9)
  A howler monkey (D:7)
  6 crimson imps
  3 quasits
  A bullfrog skeleton (D:5)
  2 jellies
  6 hounds
  10 orc priests
  2 gnoll shamans (D:9)
  15 orc wizards
  2 iguanas
  Jessica (D:3)
  5 centaur skeletons
  Ijyb (D:4)
  8 worker ants
  A hound skeleton (D:5)
  13 gnolls
  A howler monkey skeleton (D:7)
  12 adders
  3 shadow imps
  3 white imps (Lair:6)
  An ooze (D:3)
  An adder zombie (D:8)
  2 adder skeletons
  4 worms
  4 leopard geckos
  39 orcs
  9 giant cockroaches
  10 hobgoblins
  19 jackals
  33 kobolds
  2 quokkas
  A ball python (D:2)
  6 bats (D:2)
  8 frilled lizards
  7 goblins
  A jackal skeleton (D:4)
  A quokka skeleton (D:3)
  3 rats
  3 plants
755 creatures vanquished.

Vanquished Creatures (collateral kills)
  A cane toad (Lair:5)
  A yak (IceCv)
  A water moccasin (Lair:6)
  3 ogres (Orc)
6 creatures vanquished.

Vanquished Creatures (others)
  A manticore (Lair:3)
  A black bear (D:9)
  A hound (D:12)
  18 fungi
  19 plants
40 creatures vanquished.

Grand Total: 801 creatures vanquished

Notes
Turn   | Place    | Note
-------+----------+-------------------------------------------
     0 | D:1      | Morbidden the Draconian Monk began the quest for the Orb.
     0 | D:1      | Reached XP level 1. HP: 19/19 MP: 2/2
   239 | D:1      | Reached XP level 2. HP: 25/26 MP: 3/3
   776 | D:2      | Found a faded altar of an unknown god.
   801 | D:2      | Reached XP level 3. HP: 3/33 MP: 0/4
  1539 | D:2      | Reached XP level 4. HP: 40/40 MP: 5/5
  2095 | D:3      | Noticed Jessica
  2099 | D:3      | Killed Jessica
  2099 | D:3      | Reached skill level 4 in Fighting
  2331 | D:3      | Found a runed translucent door.
  2331 | D:3      | Noticed Morbidden's ghost (amateur DrTm)
  2348 | D:3      | Reached XP level 5. HP: 42/46 MP: 6/6
  2384 | D:3      | Found a bloodstained altar of Trog.
  2621 | D:3      | Reached skill level 1 in Short Blades
  2984 | D:3      | Reached XP level 6. HP: 52/53 MP: 7/7
  3255 | D:4      | Noticed Ijyb
  3269 | D:4      | Killed Ijyb
  3427 | D:4      | Reached skill level 1 in Throwing
  3432 | D:4      | Found Soikha Leolo's Lightly-Used Armoury.
  3983 | D:4      | Noticed a sky beast
  4001 | D:4      | Killed a sky beast
  4001 | D:4      | Your scales start taking on a glossy black colour.
  4001 | D:4      | Reached skill level 5 in Fighting
  4001 | D:4      | Reached XP level 7. HP: 41/62 MP: 5/8
  4001 | D:4      | Gained mutation: You are resistant to electric shocks.
                  | (rElec) [Black Draconian growth]
  4117 | D:4      | Found a staircase to the Ecumenical Temple.
  4172 | Temple   | Entered the Ecumenical Temple
  4295 | Temple   | Became a worshipper of Cheibriados the Contemplative
  4295 | Temple   | Reached * piety under Cheibriados
  4295 | Temple   | Reached ** piety under Cheibriados
  4460 | D:5      | Entered Level 5 of the Dungeon
  4463 | D:5      | Found Siwi Lush's Weapon Shop.
  4466 | D:5      | Reached skill level 6 in Fighting
  4519 | D:5      | Reached skill level 5 in Dodging
  4827 | D:5      | Found Daxoipt's Distillery.
  4843 | D:5      | Bought a potion of heal wounds for 65 gold pieces
  4843 | D:5      | Bought a potion of heal wounds for 65 gold pieces
  4843 | D:5      | Bought a potion of heal wounds for 65 gold pieces
  4949 | D:5      | Noticed Duvessa
  4957 | D:5      | Noticed Dowan
  4979 | D:5      | Killed Duvessa
  4979 | D:5      | Reached XP level 8. HP: 53/71 MP: 5/10
  4994 | D:5      | Killed Dowan
  5133 | D:5      | Reached skill level 5 in Short Blades
  5193 | D:5      | Noticed a two-headed ogre
  5211 | D:5      | Killed a two-headed ogre
  5211 | D:5      | Reached skill level 7 in Fighting
  5398 | D:5      | Found Cuqij's Food Shop.
  5540 | D:5      | Reached *** piety under Cheibriados
  5917 | D:6      | Noticed Eustachio
  5922 | D:6      | Noticed a hippogriff
  5930 | D:6      | Killed a hippogriff
  5930 | D:6      | Reached XP level 9. HP: 62/81 MP: 8/12
  5951 | D:6      | Killed Eustachio
  5951 | D:6      | Reached skill level 8 in Fighting
  6029 | D:6      | Noticed Blork the orc
  6040 | D:6      | Killed Blork the orc
  6908 | D:6      | Reached **** piety under Cheibriados
  7252 | D:7      | Reached skill level 5 in Invocations
  7378 | D:7      | Noticed a troll
  7381 | D:7      | Reached ***** piety under Cheibriados
  7385 | D:7      | Killed a troll
  7385 | D:7      | Reached XP level 10. HP: 52/90 MP: 7/14
  7680 | D:7      | Found a staircase to the Lair.
  7758 | D:7      | Reached skill level 9 in Fighting
  8402 | D:8      | Found a staircase to the Orcish Mines.
  8579 | D:8      | Noticed Harold
  8854 | D:8      | Noticed a red ugly thing
  8866 | D:8      | Killed a red ugly thing
  8878 | D:8      | Killed Harold
  8878 | D:8      | Reached skill level 5 in Stealth
  9419 | D:9      | Reached skill level 10 in Fighting
  9854 | D:9      | Reached skill level 1 in Evocations
  9918 | D:9      | Reached ****** piety under Cheibriados
  9918 | D:9      | Reached XP level 11. HP: 24/101 MP: 9/16
 10426 | D:9      | Noticed a two-headed ogre
 10433 | D:9      | Killed a two-headed ogre
 10954 | D:9      | Reached skill level 11 in Fighting
 11109 | D:9      | Found a hide-covered altar of Uskayaw.
 11119 | D:9      | Reached skill level 1 in Spellcasting
 11397 | D:9      | Learned a level 4 spell: Olgreb's Toxic Radiance
 11445 | D:9      | Identified the ring "Uzil" {*Slow +Fly rElec rC- Int+8}
 12516 | Lair:1   | Entered Level 1 of the Lair of Beasts
 12666 | Lair:1   | Reached skill level 1 in Poison Magic
 13534 | Lair:2   | Noticed a four-headed hydra
 13544 | Lair:2   | Killed a four-headed hydra
 13544 | Lair:2   | Reached XP level 12. HP: 60/110 MP: 10/18
 13855 | Lair:2   | Noticed a six-headed hydra
 13865 | Lair:2   | Killed a six-headed hydra
 13973 | Lair:2   | Noticed Gastronok
 14101 | Lair:3   | Reached skill level 10 in Dodging
 14194 | Lair:3   | Noticed a four-headed hydra
 14203 | Lair:3   | Killed a four-headed hydra
 14207 | Lair:3   | Reached skill level 5 in Throwing
 14404 | Lair:3   | Noticed a seven-headed hydra
 14415 | Lair:3   | Killed a seven-headed hydra
 14415 | Lair:3   | Reached skill level 12 in Fighting
 14416 | Lair:3   | Noticed an alligator
 14416 | Lair:3   | Noticed a death yak
 14585 | Lair:3   | Noticed an eight-headed hydra
 14587 | Lair:3   | Killed an eight-headed hydra
 14644 | Lair:3   | Noticed a catoblepas
 14646 | Lair:3   | Reached skill level 14 in Fighting
 14646 | Lair:3   | Reached XP level 13. HP: 113/124 MP: 17/19
 15227 | Lair:3   | Found a staircase to the Snake Pit.
 15454 | Lair:3   | Reached skill level 10 in Short Blades
 16139 | Lair:2   | Learned a level 4 spell: Summon Scorpions
 16157 | Lair:2   | Killed Gastronok
 16366 | Lair:2   | Found a staircase to the Swamp.
 16540 | Lair:4   | Gained mutation: Your large and strong wings let you fly
                  | indefinitely. [Black Draconian growth]
 16540 | Lair:4   | Reached XP level 14. HP: 127/133 MP: 18/20
 17139 | Lair:4   | Got a fine hand axe
 17167 | Lair:4   | Reached skill level 1 in Summonings
 17710 | Lair:5   | Reached skill level 5 in Poison Magic
 17808 | Lair:5   | Reached skill level 5 in Spellcasting
 17970 | Lair:5   | Found a viscous altar of Jiyva.
 17970 | Lair:5   | Found a staircase to the Slime Pits.
 18755 | Lair:6   | Entered Level 6 of the Lair of Beasts
 18822 | Lair:6   | Found a frozen archway.
 18843 | IceCv    | Entered an ice cave
 18866 | IceCv    | Reached skill level 10 in Invocations
 18996 | IceCv    | Learned a level 4 spell: Airstrike
 19000 | IceCv    | Learned a level 3 spell: Static Discharge
 19118 | IceCv    | Reached skill level 1 in Air Magic
 20516 | IceCv    | Noticed a frost giant
 20546 | IceCv    | Killed a frost giant
 20546 | IceCv    | Reached skill level 15 in Fighting
 20917 | Lair:6   | Noticed Sonja
 20921 | Lair:6   | Killed Sonja
 21165 | Lair:6   | Reached skill level 5 in Air Magic
 22065 | Lair:6   | Found a glowing golden altar of the Shining One.
 22908 | Lair:6   | Reached XP level 15. HP: 134/141 MP: 17/26
 23694 | D:10     | Entered Level 10 of the Dungeon
 25249 | Orc      | Entered the Orcish Mines
 25355 | Orc      | Found a staircase to the Elven Halls.
 25632 | Orc      | Found Gammaz's Assorted Antiques.
 26291 | Orc      | Paralysed by an ogre mage for 4 turns
 27010 | Orc      | Found Vuluh's Antique Armour Shoppe.
 27010 | Orc      | Found Gyrumei's Magic Scroll Shop.
 27011 | Orc      | Found Vyxas's Magic Scroll Boutique.
 27011 | Orc      | Found Foafuost's Book Shoppe.
 27019 | Orc      | Bought a scroll of teleportation for 48 gold pieces
 27019 | Orc      | Bought a scroll of teleportation for 48 gold pieces
 27019 | Orc      | Bought a scroll of teleportation for 48 gold pieces
 27021 | Orc      | Bought a scroll of blinking for 97 gold pieces
 28206 | D:11     | Found a gate to the Vaults.
 28369 | D:11     | Reached skill level 10 in Spellcasting
 28450 | D:12     | Entered Level 12 of the Dungeon
 28809 | D:12     | Reached XP level 16. HP: 105/151 MP: 18/30
 29033 | D:12     | Reached skill level 16 in Fighting
 29316 | D:12     | Found Doalocru's Gadget Shoppe.
 29964 | D:12     | Found a staircase to the Depths.
 30412 | Snake:1  | Entered Level 1 of the Snake Pit
 31640 | Snake:2  | Reached skill level 10 in Air Magic
 32365 | Snake:2  | Shot with an arrow by a naga sharpshooter

Skill      XL: |  1  2  3  4  5  6  7  8  9 10 11 12 13 14 15 16 |
---------------+-------------------------------------------------+-----
Dodging        | 3 4 5 6 7 9 10 11 12 | 12.9
Fighting       | 4 5 6 7 8 10 11 14 15 16 | 16.4
Unarmed Combat | 4 |  4.0
Short Blades   | 2 3 4 6 7 8 9 10 | 10.7
Throwing       | 1 2 4 5 |  5.7
Stealth        | 3 4 5 6 |  6.6
Invocations    | 3 4 5 6 8 9 10 | 10.1
Evocations     | 1 |  1.8
Spellcasting   | 2 3 4 7 10 11 | 11.0
Poison Magic   | 2 3 4 5 7 |  7.1
Summonings     | 1 |  1.7
Air Magic      | 5 8 10 | 10.4

Action                   |  1- 3 |  4- 6 |  7- 9 | 10-12 | 13-15 | 16-18 || total
-------------------------+-------+-------+-------+-------+-------+-------++-------
Melee: Unarmed           |   109 |     3 |       |       |       |       ||   112
       Tailslap          |    15 |    26 |    70 |   150 |   395 |    67 ||   723
       Short sword       |     7 |   195 |   250 |   443 |   514 |   255 ||  1664
       Punch             |     1 |     5 |     4 |    18 |    47 |     7 ||    82
       Dagger            |       |       |    50 |    90 |   678 |       ||   818
 Fire: Blowgun           |       |       |       |       |     1 |       ||     1
Throw: Stone             |    48 |    13 |    16 |   191 |       |       ||   268
       Tomahawk          |       |       |       |    68 |    39 |       ||   107
       Javelin           |       |       |       |       |     1 |       ||     1
 Cast: Olgreb's Toxic Ra |       |       |       |     4 |    84 |     9 ||    97
       Summon Scorpions  |       |       |       |       |    30 |       ||    30
       Airstrike         |       |       |       |       |   134 |    57 ||   191
       Static Discharge  |       |       |       |       |       |     3 ||     3
Invok: Bend Time         |       |       |       |     1 |       |       ||     1
       Slouch            |       |       |       |       |     1 |     1 ||     2
 Abil: Breathe Lightning |       |       |     8 |    12 |    24 |     7 ||    51
       Fly               |       |       |       |       |     1 |       ||     1
Evoke: Wand              |       |       |       |    12 |     4 |     1 ||    17
       Box of beasts     |       |       |       |       |     1 |       ||     1
       Phial of floods   |       |       |       |       |       |     1 ||     1
  Use: Scroll            |       |     7 |     1 |    17 |    18 |       ||    43
       Potion            |       |       |     2 |     6 |     1 |     2 ||    11
 Stab: Sleeping          |     1 |     4 |     6 |     7 |     4 |     4 ||    26
       Distracted        |       |       |       |     1 |     9 |       ||    10
       Petrifying        |       |       |       |       |     6 |       ||     6
       Petrified         |       |       |       |       |     3 |       ||     3
       Confused          |       |       |       |       |     4 |       ||     4
  Eat: Chunk             |     2 |     8 |     7 |    13 |    31 |     6 ||    67
       Ration            |       |       |       |     1 |     2 |       ||     3
Armor: Skin              |    27 |    48 |    62 |    97 |   237 |    65 ||   536
Dodge: Dodged            |    77 |   131 |   260 |   502 |  1348 |   297 ||  2615
